 Dungeon Crawl Stone Soup version 0.30-a0-533-g4794bfbd1c (webtiles) character file.

Game seed: 5240114752326144487

22293 Armakuni the Prestidigitator (level 13, -3/91 HPs)
             Began as a Human Artificer on Dec 22, 2022.
             Was a High Priest of Vehumet.
             Killed by nerve-wracking pain
             ... invoked by an orc high priest
              (6 damage)
             ... on level 2 of the Orcish Mines on Dec 24, 2022.
             The game lasted 00:57:31 (10648 turns).

Armakuni the Prestidigitator (Human Artificer)     Turns: 10648, Time: 00:57:31

Health: -3/91      AC:  7    Str: 19    XL:     13   Next: 26%
Magic:  7/21       EV: 13    Int: 20    God:    Vehumet [*****.]
Gold:   754        SH:  0    Dex: 24    Spells: 13/23 levels left

rFire   + . .      SeeInvis .    b - +9 staff of Olgreb {rPois∞}
rCold   x . .      Faith    .    (no shield)
rNeg    . . .      Spirit   .    u - +3 scale mail {rPois}
rPois   ∞          Reflect  .    o - +1 helmet of Fashionability {rF+ Int+4}
rElec   .          Harm     .    (no cloak)
rCorr   .          Rampage  .    H - +2 pair of gloves {Dex+3}
Will    .....                    (no boots)
Stlth   +                        R - amulet of regeneration
HPRegen 0.00/turn                S - ring of Kunes {Str+7 Dex+6}
MPRegen 0.17/turn                A - +4 ring of protection

@: corroded, inhibited regen
A: inhibited regeneration, cold vulnerability 1
a: Renounce Religion, Evoke the Staff of Olgreb


You were on level 2 of the Orcish Mines.
You worshipped Vehumet.
Vehumet was extremely pleased with you.
You visited 3 branches of the dungeon, and saw 12 of its levels.
You also visited: Bailey.

You collected 1087 gold pieces.
You spent 333 gold pieces at shops.

Inventory:

Hand Weapons
 b - the +9 staff of Olgreb (weapon) {rPois∞}
   (You acquired it on level 8 of the Dungeon)

   If the wielder is skilled in Evocations, they can envenom those struck by it,
   dealing poison damage which bypasses armour.
   It enhances your poison magic.
   It grants immunity to poison.
   It can be activated via the 'a'bility menu to radiate toxic energy, with
   effectiveness depending on Evocations skill.
Armour
 o - the +1 helmet of Fashionability (worn) {rF+ Int+4}
   (You acquired it on level 8 of the Dungeon)

   Int:       It affects your intelligence (+4).
   rF:        It protects you from fire.
 s - the +4 chain mail "Vigaled" {rElec rC++}
   (You found it in a bailey)

   rC:        It greatly protects you from cold.
   rElec:     It insulates you from electricity.
 u - a +3 scale mail of poison resistance (worn)
 x - a +0 buckler
 H - a +2 pair of gloves of dexterity (worn)
Magical Staves
 a - a staff of conjuration
Jewellery
 c - the necklace of Bloodlust {*Rage Will++ Int-3 Slay+6}
   (You found it on level 7 of the Dungeon)

   [amulet of nothing]

   It extends the wearer's berserk rage when killing foes.
   Int:       It affects your intelligence (-3).
   Slay:      It affects your accuracy & damage with ranged weapons and melee
   (+6).
   *Rage:     It berserks you when you make melee attacks (+50% chance).
   Will:      It greatly increases your willpower.
 l - a ring of see invisible
 A - a +4 ring of protection (right hand)
 F - a ring of protection from fire
 I - a +6 ring of intelligence
 R - an amulet of regeneration (around neck)
 S - the ring of Kunes (left hand) {Str+7 Dex+6}
   (You acquired it on level 1 of the Dungeon)

   [ring of dexterity]

   Str:       It affects your strength (+7).
   Dex:       It affects your dexterity (+6).
Wands
 v - a wand of flame (23) (quivered)
 G - a wand of polymorph (14)
 K - a wand of light (5)
Scrolls
 d - 3 scrolls of poison
 f - a scroll of noise
 k - 3 scrolls of vulnerability
 p - 3 scrolls of blinking
 q - 4 scrolls of fog
 t - 3 scrolls of teleportation
 w - a scroll of immolation
 y - a scroll of fear
 C - a scroll of enchant armour
 J - a scroll of enchant weapon
 L - a scroll of silence
Potions
 e - a potion of heal wounds
 g - 4 potions of resistance
 h - 2 potions of might
 i - 4 potions of curing
 j - a potion of brilliance
 m - 3 potions of mutation
 n - 2 potions of invisibility
 r - 4 potions of lignification
 z - a potion of magic {unknown}
 D - a potion of attraction {unknown}
 E - a potion of haste {unknown}
Miscellaneous
 M - a box of beasts (inert)


   Skills:
 - Level 5.0 Fighting
 - Level 1.0(5.0) Maces & Flails
 - Level 7.9(8.0) Staves
 - Level 5.0 Armour
 - Level 5.0 Dodging
 - Level 1.0 Stealth
 + Level 5.5 Spellcasting
 - Level 10.0 Conjurations
 - Level 10.0 Translocations
 - Level 1.0 Poison Magic
 - Level 10.0 Evocations


You had 13 spell levels left.
You knew the following spells:

 Your Spells              Type           Power      Damage    Failure   Level
c - Mephitic Cloud        Conj/Pois/Air  30%        N/A       5%          3
k - Kindle Blastsparks    Fire/Tloc/Air  36%        2d13      7%          3
m - Iskenderun's Mystic   Conj/Tloc      45%        2d10      1%          4

Your spell library contained the following spells:

 Spells                   Type           Power      Damage    Failure   Level
 Fulminant Prism          Conj/Hex       12%        3d9       11%         4
 Magic Dart               Conj           100%       1d8       1%          1
 Static Discharge         Conj/Air       50%        2-5/arc   1%          2
 Dazzling Flash           Conj/Hex       50%        N/A       3%          3
 Iskenderun's Battlesphe  Conj           45%        2d10      4%          5
 Poisonous Vapours        Pois/Air       22%        N/A       11%         2
 Vhi's Electric Charge    Tloc/Air       50%        N/A       12%         3
 Sting                    Tmut/Pois      44%        1d5       26%         1
 Arcjolt                  Conj/Air       12%        1d22      28%         5
 Fireball                 Conj/Fire      12%        3d7       28%         5
 Lightning Bolt           Conj/Air       12%        1d26      28%         5
 Call Imp                 Summ           5%         N/A       43%         2
 Olgreb's Toxic Radiance  Pois           14%        N/A       45%         4
 Orb of Destruction       Conj           22%        9d8       69%         7
 Conjure Ball Lightning   Conj/Air       12%        3x3d6     80%         6
 Starburst                Conj/Fire      12%        6d5       80%         6
 Malign Gateway           Summ/Tloc      12%        N/A       100%        7
 Summon Horrible Things   Summ           2%         N/A       100%        8


Dungeon Overview and Level Annotations

Branches:
Dungeon (9/15)             Temple (1/1) D:6             Orc (2/2) D:9
    Elf (0/3) Orc:2        Bailey (visited)
   Lair: D:8-11

Altars:
Ashenzari
Cheibriados
Dithmenos
Elyvilon
Fedhas
Gozag
Hepliaklqana
Kikubaaqudgha
Makhleb
Nemelex Xobeh
Okawaru
Qazlal
Ru
Sif Muna
Trog
Uskayaw
Vehumet
Wu Jian
Yredelemnul
Zin
The Shining One

Shops:
D:5 [   D:7 (   D:8 *   D:9 *   Orc:2 ?

Annotations:
D:5 1 runed translucent door
D:6 exclusion: upstairs
Orc:1 Erica


Innate Abilities, Weirdness & Mutations

You do not regenerate when monsters are visible.
You are vulnerable to cold. (rC-)


Message History

The orc warrior is knocked back by the mystic blast.
The hellwing misses you.
The hellwing hits you but does no damage.
The neqoxec gestures at you.
Strange energies course through your body.
Your regeneration stops near monsters.
The rust devil hits you. The rust devil corrodes you!
The hellwing hits you but does no damage. x2
The neqoxec gestures at you.
Something tries to feed on your intellect!
The rust devil misses you.
Items here: )) [[ ÷ †.
You barely miss the orc high priest.
The orc high priest is moderately wounded.
The hellwing misses you. The hellwing hits you.
The orc high priest hits you but does no damage.
You hit the orc high priest.
You envenom the orc high priest.
The orc high priest looks even sicker.
The orc high priest is heavily wounded.
The rust devil hits you. The rust devil corrodes you!
The neqoxec gestures at you.
Strange energies course through your body.
You feel vulnerable to cold. The hellwing barely misses you.
The hellwing misses you.
The orc high priest hits you with a +0 mace!
* * * LOW HITPOINT WARNING * * *
You hit the orc high priest.
You envenom the orc high priest!
The orc high priest looks as sick as possible!
The orc high priest is severely wounded.
The rust devil barely misses you.
The orc warrior hits you with a +0 flail!
* * * LOW HITPOINT WARNING * * *
The hellwing hits you.
* * * LOW HITPOINT WARNING * * *
The hellwing completely misses you. The neqoxec barely misses you.
You hit the orc high priest.
The orc high priest is almost dead.
The orc high priest mumbles some strange prayers to Beogh against you.
Pain shoots through your body!
You die...

.<..........#.....#
..................#
..).)...##........#
..............#..#####
.)..))).......)..#...# .
).............)....8.# .#.
............#))[)...)#....
##########...##4.o.))')...
##...#.@4.)['..#
##..##o3..['....
#..#[))...#....
#...))).8.# .#.
#....)....# #.))).....#
#).)......# ...........#
..).........#


You could see an orc high priest (extremely poisoned), a hellwing (summoned), a
rust devil (summoned), a neqoxec (summoned) and an orc warrior (poisoned).

Vanquished Creatures
  Josephine (Orc:2)
  A two-headed ogre (D:9)
  5 orc high priests (Orc:2)
  2 deep trolls (D:7)
  2 orc knights
  3 orc sorcerers
  A cyclops (D:7)
  A manticore (D:7)
  Maurice (D:8)
  2 kobold demonologists
  3 trolls
  3 wraiths (Orc:2)
  7 yaks
  A human (D:9)
  Grum (D:9)
  5 wargs
  An acid dragon (D:9)
  3 water moccasins
  Duvessa (D:7)
  2 black bears
  26 orc warriors
  4 ice beasts
  A centaur (D:7)
  15 ogres
  2 wolves (D:9)
  2 phantoms
  4 kobold brigands
  4 bullfrogs
  3 necrophages
  A gnoll sergeant (D:6)
  A scorpion (D:4)
  3 wights (D:8)
  Dowan (D:7)
  9 electric eels
  11 howler monkeys
  40 orc priests
  4 gnoll boudas
  9 hounds
  3 jellies
  Terence (D:3)
  2 iguanas (D:7)
  29 orc wizards
  Robin (D:3)
  23 gnolls
  13 adders
  2 shadow imps (D:7)
  6 white imps
  An ufetubus (D:5)
  2 dart slugs (D:1)
  72 orcs
  5 bats
  7 endoplasms
  3 giant cockroaches
  26 goblins
  19 hobgoblins
  4 quokkas
  10 ball pythons
  3 frilled lizards
  15 kobolds
  7 rats
440 creatures vanquished.

Vanquished Creatures (collateral kills)
  An unseen horror (D:6)
  A wraith (Orc:2)
  2 ogres (D:6)
  A gnoll sergeant (D:6)
  A hound (D:6)
  2 orc priests (D:6)
  3 gnolls (D:6)
  An adder (D:4)
  2 dart slugs
  4 orcs (D:6)
  A kobold (D:4)
  A quokka (D:5)
20 creatures vanquished.

Vanquished Creatures (others)
  A deep troll (D:7)
  An ogre (D:6)
  A kobold brigand (D:6)
  A hound (D:6)
  An adder (D:4)
  3 orcs
  19 plants (D:6)
27 creatures vanquished.

Grand Total: 487 creatures vanquished

Notes
Turn   | Place    | Note
-------+----------+-------------------------------------------
     0 | D:1      | Armakuni the Human Artificer began the quest for the Orb.
     0 | D:1      | Reached XP level 1. HP: 15/15 MP: 1/1
   151 | D:1      | Reached skill level 1 in Maces & Flails
   309 | D:1      | Reached XP level 2. HP: 8/21 MP: 2/2
   522 | D:1      | Identified a scroll of acquirement
   525 | D:1      | Acquired the ring of Kunes {Str+7 Dex+6}
   709 | D:1      | Reached XP level 3. HP: 23/26 MP: 3/3
  1172 | D:2      | Reached XP level 4. HP: 33/33 MP: 4/4
  1647 | D:3      | Found a glowing silver altar of Zin.
  1736 | D:3      | Reached XP level 5. HP: 39/39 MP: 5/5
  1929 | D:3      | Noticed Robin
  1948 | D:3      | Killed Robin
  1990 | D:3      | You fall into a shaft and drop 2 floors!
  1990 | D:5      | Entered Level 5 of the Dungeon
  1992 | D:5      | Found Bipu Qel's Antique Armour Shoppe.
  2035 | D:5      | Reached XP level 6. HP: 37/47 MP: 6/6
  2113 | D:5      | Noticed an ice beast
  2215 | D:4      | Reached XP level 7. HP: 34/55 MP: 7/7
  2238 | D:4      | Reached skill level 5 in Armour
  2361 | D:4      | Reached skill level 5 in Fighting
  2536 | D:3      | Found an iron altar of Okawaru.
  2681 | D:3      | Learned a level 4 spell: Iskenderun's Mystic Blast
  2743 | D:3      | Noticed Terence
  2757 | D:3      | Killed Terence
  3128 | D:4      | Found a glowing golden altar of the Shining One.
  3131 | D:4      | Found an ancient bone altar of Kikubaaqudgha.
  3334 | D:5      | Identified the +0 dagger "Qapuarent" {elec, rC+ Str+7}
  3462 | D:4      | Reached XP level 8. HP: 53/62 MP: 8/8
  4083 | D:5      | Bought a glowing scale mail for 161 gold pieces
  4120 | D:5      | Found a snail-covered altar of Cheibriados.
  4160 | D:5      | Found a runed translucent door.
  4563 | D:6      | Reached skill level 5 in Evocations
  4579 | D:6      | Found a basalt altar of Yredelemnul.
  4613 | D:6      | Reached skill level 5 in Dodging
  4650 | D:6      | Noticed a kobold demonologist
  4658 | D:6      | Noticed a hellwing
  4668 | D:6      | Noticed a hellwing
  4670 | D:6      | Killed a kobold demonologist
  4671 | D:6      | Reached XP level 9. HP: 19/68 MP: 9/9
  5358 | D:5      | Noticed a rust devil
  5358 | D:5      | Noticed a rust devil
  5488 | D:6      | Found a staircase to the Ecumenical Temple.
  5497 | Temple   | Entered the Ecumenical Temple
  5565 | Temple   | Became a worshipper of Vehumet
  5687 | D:6      | Reached skill level 10 in Evocations
  5706 | D:6      | Reached skill level 1 in Staves
  5706 | D:6      | Reached skill level 1 in Conjurations
  5706 | D:6      | Reached XP level 10. HP: 62/74 MP: 10/10
  5859 | D:6      | Killed an unseen horror
  6021 | D:6      | Reached * piety under Vehumet
  6021 | D:6      | Offered knowledge of Kiss of Death by Vehumet.
  6330 | D:7      | Noticed a deep troll
  6330 | D:7      | Noticed a deep troll
  6332 | D:7      | Noticed a deep troll
  6338 | D:7      | Killed a deep troll
  6338 | D:7      | Killed a deep troll
  6339 | D:7      | Reached skill level 5 in Staves
  6339 | D:7      | Reached skill level 5 in Conjurations
  6442 | D:7      | Found the necklace of Bloodlust {*Rage Will++ Int-3 Slay+6}
  6591 | D:7      | Found Odoch's Antique Weapon Emporium.
  6631 | D:7      | Reached XP level 11. HP: 74/79 MP: 11/11
  6698 | D:7      | Noticed a cyclops
  6801 | D:7      | Killed a cyclops
  6830 | D:7      | Offered knowledge of Sandblast by Vehumet.
  6835 | D:7      | Reached ** piety under Vehumet
  6921 | D:7      | Noticed a manticore
  6941 | D:7      | Killed a manticore
  7185 | D:7      | Noticed Duvessa
  7200 | D:7      | Noticed Dowan
  7204 | D:7      | Killed Duvessa
  7207 | D:7      | Killed Dowan
  7326 | D:8      | Noticed Maurice
  7351 | D:8      | Killed Maurice
  7621 | D:8      | Found a flagged portal.
  7631 | Bailey   | Entered a bailey
  7781 | Bailey   | Offered knowledge of Hailstorm by Vehumet.
  7896 | Bailey   | Noticed an orc knight
  7906 | Bailey   | Killed an orc knight
  7953 | Bailey   | Reached *** piety under Vehumet
  7958 | Bailey   | Learned a level 3 spell: Mephitic Cloud
  8068 | Bailey   | Found an iron altar of Okawaru.
  8068 | Bailey   | Noticed an orc sorcerer
  8129 | Bailey   | Killed an orc sorcerer
  8130 | Bailey   | Reached skill level 10 in Conjurations
  8130 | Bailey   | Reached skill level 1 in Translocations
  8243 | Bailey   | Identified the +4 chain mail "Vigaled" {rElec rC++}
  8251 | Bailey   | Identified the +4 flail "Leviticus" {flame, rC+}
  8493 | D:8      | Acquired a staff of conjuration
  8505 | D:8      | Acquired the +9 staff of Olgreb {rPois∞}
  8505 | D:8      | Found the +9 staff of Olgreb {rPois∞}
  8509 | D:8      | Acquired the +1 helmet of Fashionability {rF+ Int+4}
  8523 | D:8      | Acquired a book of the Spheres
  8735 | D:8      | Found Sijaigg's Serpentskin Sales.
  8743 | D:8      | Reached skill level 1 in Poison Magic
  8743 | D:8      | Reached XP level 12. HP: 83/86 MP: 12/12
  8743 | D:8      | Offered knowledge of Stone Arrow by Vehumet.
  8750 | D:8      | Upgraded the game from 0.30-a0-509-gd016549fea to
                  | 0.30-a0-528-g8c47a4955b
  8750 | D:8      | Upgraded the game from 0.30-a0-528-g8c47a4955b to
                  | 0.30-a0-533-g4794bfbd1c
  8952 | D:9      | Identified the +3 leather armour of Beogh, Dripping {rN+
                  | Dex+2}
  9029 | D:9      | Found Soneum's Elemental Accessories.
  9098 | D:9      | Found a staircase to the Orcish Mines.
  9281 | D:9      | Reached skill level 5 in Translocations
  9319 | D:9      | Noticed Grum
  9330 | D:9      | Killed Grum
  9375 | D:9      | Noticed a two-headed ogre
  9383 | D:9      | Killed a two-headed ogre
  9650 | Orc:1    | Entered Level 1 of the Orcish Mines
  9677 | Orc:1    | Reached **** piety under Vehumet
  9763 | Orc:2    | Entered Level 2 of the Orcish Mines
  9763 | Orc:2    | Found a staircase to the Elven Halls.
  9815 | Orc:2    | Offered knowledge of Kindle Blastsparks by Vehumet.
  9820 | Orc:2    | Learned a level 3 spell: Kindle Blastsparks
 10131 | Orc:2    | Found Ewiryupn's Magic Scroll Emporium.
 10140 | Orc:2    | Bought a scroll of blinking for 112 gold pieces
 10140 | Orc:2    | Bought a scroll of identify for 30 gold pieces
 10140 | Orc:2    | Bought a scroll of identify for 30 gold pieces
 10173 | Orc:2    | Noticed Josephine
 10218 | Orc:2    | Killed Josephine
 10261 | Orc:1    | Noticed Erica
 10342 | Orc:2    | Noticed an orc high priest
 10352 | Orc:2    | Killed an orc high priest
 10520 | Orc:2    | Reached skill level 10 in Translocations
 10526 | Orc:2    | Reached ***** piety under Vehumet
 10533 | Orc:2    | Noticed an orc high priest
 10547 | Orc:2    | Killed an orc high priest
 10548 | Orc:2    | Reached XP level 13. HP: 62/91 MP: 6/16
 10599 | Orc:2    | Offered knowledge of Fulminant Prism by Vehumet.
 10628 | Orc:2    | Reached skill level 5 in Spellcasting
 10643 | Orc:2    | Gained mutation: You do not regenerate when monsters are
                  | visible. [a neqoxec]
 10646 | Orc:2    | Gained mutation: You are vulnerable to cold. (rC-) [a
                  | neqoxec]
 10647 | Orc:2    | HP: 3/91 [hellwing[an orc high priest] (6)]
 10648 | Orc:2    | Killed from afar by an orc high priest

Illustrated notes

Levels and vault maps discovered:
D:1:      minmay_arrival_loop, layout_loops_ring, grunt_decor_resistance,
          st_stairs_8
D:2:      layout_rooms
D:3:      layout_basic, okawaru_altar_gauntlet_db, zin_statuary, uniq_terence,
          uniq_robin
D:4:      layout_cave_pools, minitemple
D:5:      cheibrodos_iron_armory, layout_cave_pools, kennysheep_slug_shrine,
          serial_shops, shop, roderic_serpentine_path, grunt_decor_fettered,
          lightli_church_of_beogh
D:6:      lemuel_castle_with_subvaults [lemuel_castle_interior_original],
          layout_basic, lemuel_crystal_altar, minmay_temple_entry_junction_2,
          serial_bayou, serial_bayou_pond_b, serial_bayou_pond_d,
          serial_bayou_pond_a, serial_bayou_shore_a, dk_rats_in_the_wall
D:7:      cheibrodos_fzero, layout_gridville, serial_shops,
          nicolae_take_the_stairs, hellmonk_guarded_unrand_vitality_bloodlust,
          uniq_duvessa
D:8:      layout_loops_ring, enter_bailey_2, guppyfry_shop_venom, uniq_maurice
D:9:      layout_irregular_city, erik_orc_4, nicolae_elemental_shop, uniq_grum
Temple:   eino_wide_crystal_templ
Orc:1:    layout_caves, serial_shops, nicolae_shop_hallway_plus, uniq_erica
Orc:2:    st_orc_mages, layout_caves, serial_shops, shop, minmay_orc_temple_c,
          uniq_josephine

Skill      XL: |  1  2  3  4  5  6  7  8  9 10 11 12 13 |
---------------+----------------------------------------+-----
Maces & Flails | 1 |  1.0
Dodging        | 2 3 5 |  5.0
Fighting       | 2 3 4 5 |  5.0
Armour         | 3 4 5 |  5.0
Evocations     | 4 7 10 | 10.0
Staves         | 1 6 7 |  7.9
Conjurations   | 1 6 10 | 10.0
Translocations | 2 10 | 10.0
Poison Magic   | 1 |  1.0
Spellcasting   | 2 5 |  5.5
Stealth        | |  1.0

Action                   |  1- 3 |  4- 6 |  7- 9 | 10-12 | 13-15 || total
-------------------------+-------+-------+-------+-------+-------++-------
Melee: Club              |    66 |       |       |       |       ||    66
       Dagger            |    49 |   227 |   348 |   493 |       ||  1117
       Punch             |       |     3 |     6 |    10 |       ||    19
       Staff             |       |       |       |   165 |    27 ||   192
       Flail             |       |       |       |     5 |       ||     5
Throw: Dart              |       |     3 |     4 |       |       ||     7
 Cast: Mephitic Cloud    |       |       |       |     9 |       ||     9
       Iskenderun's Myst |       |       |       |    11 |     4 ||    15
 Abil: Evoke the Staff o |       |       |       |    13 |     7 ||    20
Evoke: Wand              |     6 |     6 |    19 |    31 |       ||    62
       Box of beasts     |       |       |       |     1 |       ||     1
  Use: Scroll            |     9 |     6 |     7 |    12 |       ||    34
       Potion            |       |     1 |     2 |     2 |       ||     5
 Stab: Sleeping          |     4 |     2 |     2 |       |       ||     8
       Distracted        |       |       |     1 |       |       ||     1
       Confused          |       |       |       |     3 |       ||     3
Armor: Leather armour    |    42 |    62 |    26 |       |       ||   130
       Scale mail        |       |       |   111 |   351 |    18 ||   480
Dodge: Dodged            |    66 |   121 |   245 |   428 |    20 ||   880
Block: Other             |       |    50 |    55 |       |       ||   105
       Reflection        |       |     2 |     2 |       |       ||     4

Table legend: (Time is in decaauts)
 A = Elapsed time spent in this place.
 B = Non-inter-level travel time spent in this place.
 C = Inter-level travel time spent in this place.
 D = Time resting spent in this place.
 E = Time spent auto-exploring this place.
 F = Levels seen in this place.
 G = Mean time per level.
                   A        B        C        D        E       F      G
               +--------+--------+--------+--------+--------+-----+--------+
         Total |  10680 |  10230 |    450 |   1853 |   4456 |  13 |  821.5 |
       Dungeon |   8733 |   8360 |    373 |   1392 |   3766 |   9 |  970.3 |
        Temple |     83 |     49 |     34 |      0 |     33 |   1 |   83.0 |
  Orcish Mines |    996 |    953 |     43 |    292 |    334 |   2 |  498.0 |
        Bailey |    867 |    867 |      0 |    169 |    323 |   1 |  867.0 |
               +--------+--------+--------+--------+--------+-----+--------+

Top non-repeatable levels by time:
     D:6: 1812 daAuts
     D:4: 1324 daAuts
     D:7: 1056 daAuts
     D:1: 972 daAuts
     D:3: 930 daAuts
   Orc:2: 878 daAuts
  Bailey: 867 daAuts
     D:8: 738 daAuts
     D:9: 689 daAuts
     D:5: 678 daAuts
     D:2: 530 daAuts
   Orc:1: 118 daAuts
  Temple: 83 daAuts
